 Dungeon Crawl Stone Soup version 0.20-a0-689-g860b9ab (webtiles) character file.

46 dracos369 the Sneak (level 3, -3/21 HPs)
             Began as an Octopode Enchanter on Feb 20, 2017.
             Killed from afar by a white imp (10 damage)
             ... with a puff of frost
             ... summoned by Natasha
             ... on level 2 of the Dungeon.
             The game lasted 00:06:08 (1755 turns).

dracos369 the Sneak (Octopode Enchanter)            Turns: 1755, Time: 00:06:09

Health: -3/21      AC:  1    Str:  7    XL:     3   Next: 68%
Magic:  4/6        EV: 13    Int: 17    God:
Gold:   83         SH:  0    Dex: 13    Spells: 0/6 levels left

rFire    . . .     SeeInvis .   a - +1 dagger
rCold    . . .     Gourm    .   (no shield)
rNeg     . . .     Faith    .   (helmet restricted)
rPois    .         Spirit   .   i - amulet of magic regeneration
rElec    .         Reflect  .   (no ring)
rCorr    .         Harm     .   (no ring)
MR       .....                  (no ring)
Stlth    +++.......             (no ring)
Regen    0.1/turn               (no ring)
MPRegen  0.2/turn               (no ring)
                                (no ring)
                                (no ring)

@: no status effects
A: almost no armour, stealthy swim, amphibious, 8 rings, constrict 8, camouflage
1, gelatinous body 1
a: no special abilities


You were on level 2 of the Dungeon.
You were not hungry.

You visited 1 branch of the dungeon, and saw 2 of its levels.

You collected 83 gold pieces.

Inventory:

Hand Weapons
 a - a +1 dagger (weapon)
 b - a +0 scimitar
Missiles
 l - 7 javelins (quivered)
Jewellery
 i - an amulet of magic regeneration (around mantle)
Wands
 k - a wand of iceblast (9/15)
Scrolls
 e - a scroll of recharging {unknown}
 g - a scroll of identify {unknown}
 o - a scroll of teleportation {unknown}
Potions
 f - a potion of lignification {unknown}
 j - a potion of mutation {unknown}
 m - a potion of curing {unknown}
Books
 p - a book of Maledictions

   Spells                             Type                      Level
   a - Corona                         Hexes                        1
   b - Ensorcelled Hibernation        Hexes/Ice                    2
   c - Confuse                        Hexes                        3
   d - Tukima's Dance                 Hexes                        3
   e - Dazzling Spray                 Conjuration/Hexes            3
Comestibles
 c - 2 bread rations
 d - a meat ration
 h - 4 fruits
 n - 4 chunks of flesh


   Skills:
 - Level 2.1 Short Blades
 - Level 2.0 Dodging
 - Level 4.0 Stealth
 - Level 2.0 Spellcasting
 + Level 3.2 Hexes
 - Level 2.1 Ice Magic


You couldn't memorise any spells.
You knew the following spells:

 Your Spells              Type           Power        Failure   Level  Hunger
a - Corona                Hex            ##.....      6%          1    #......
d - Tukima's Dance        Hex            ##......     17%         3    ###....
e - Ensorcelled Hibernat  Hex/Ice        ##....       12%         2    ###....


Dungeon Overview and Level Annotations

Branches:
Dungeon (2/15)

Altars:

Annotations:
D:2 Natasha


Innate Abilities, Weirdness & Mutations

You cannot wear most types of armour.
You are very stealthy in the water. (Stealth+)
You are amphibious.
You can wear up to eight rings at the same time.
You can use your tentacles to constrict eight enemies at once.
Your skin changes colour to match your surroundings (Stealth+).
Your rubbery body absorbs attacks. (AC +1, EV +1)


Message History

Confirm with . or Enter, or press ? or * to list all spells.
Aiming: Ensorcelled Hibernation
Press: ? - help, Shift-Dir - straight line, f - Natasha
Aim: Natasha (chance to defeat MR: 41%) Natasha looks drowsy...
The white imp closely misses you.
Natasha hisses angrily.
You hit Natasha but do no damage. Your grab misses Natasha.
Natasha barely misses you. The white imp hits you. The white imp freezes you.
You miss Natasha. You grab Natasha. You constrict Natasha. Natasha claws you!
You hit Natasha.
Natasha is moderately wounded.
You constrict Natasha, but do no damage.
The white imp barely misses you. Natasha closely misses you.
You hit Natasha but do no damage.
Natasha is moderately wounded.
You constrict Natasha. The white imp gestures at you.
The puff of frost hits you!
You die...

..........#.....
######......##...
##...####.## ####
#..(# #.# ...#
#...####.####
...####...#.......# #
..........).#.....#.#
...........###...5..#
............#...@h#
...####...#.......#
.[## #...#########
### #...# #...# #...#
#...# #.... ##.###


You could see Natasha and a white imp.

Vanquished Creatures
  An adder (D:2)
  A worm (D:2)
  A leopard gecko (D:2)
  A giant cockroach (D:2)
  2 goblins
  3 hobgoblins
  3 jackals (D:1)
  3 kobolds (D:2)
  A quokka (D:2)
  2 bats
  A frilled lizard (D:1)
  18 rats
37 creatures vanquished.

Notes
Turn   | Place    | Note
-------+----------+-------------------------------------------
     0 | D:1      | dracos369 the Octopode Enchanter began the quest for the Orb.
     0 | D:1      | Reached XP level 1. HP: 11/11 MP: 3/3
   130 | D:1      | Reached XP level 2. HP: 16/17 MP: 5/5
   136 | D:1      | Learned a level 2 spell: Ensorcelled Hibernation
   569 | D:1      | Reached skill level 1 in Ice Magic
  1425 | D:2      | Reached XP level 3. HP: 21/21 MP: 4/6
  1430 | D:2      | Learned a level 3 spell: Tukima's Dance
  1745 | D:2      | Noticed Natasha
  1755 | D:2      | Killed from afar by a white imp

Vault maps used:
D:1:      erik_arrival_orb_chamber
D:2:      yredelemnul_altar_generic, kennysheep_generic_room_8, uniq_natasha

Skill      XL: |  1  2  3 |
---------------+----------+-----
Short Blades   | 2 |  2.1
Ice Magic      | 1 2 |  2.1
Dodging        | |  2.0
Stealth        | |  4.0
Spellcasting   | |  2.0
Hexes          | |  3.2

Action                   || total
-------------------------++-------
Melee: Dagger            ||    59
       Constrict         ||    10
       Tentacles         ||     6
 Cast: Ensorcelled Hiber ||    12
       Corona            ||     1
 Stab: Sleeping          ||    17
       Distracted        ||     1
  Eat: Chunk             ||     3
Armor: Skin              ||     2
Dodge: Dodged            ||    18
